 Dungeon Crawl Stone Soup version 0.21.1-1-g345015fe64 (webtiles) character file.

10929 Lavandula the Cleaver (level 11, -1/75 HPs)
             Began as a Barachi Earth Elementalist on July 4, 2018.
             Was a High Priest of Makhleb.
             Slain by a hornet (4 damage)
             ... on level 11 of the Dungeon on July 5, 2018.
             The game lasted 00:37:38 (4326 turns).

Lavandula the Cleaver (Barachi Earth Elementalist)  Turns: 4326, Time: 00:37:39

Health: -1/75      AC:  5    Str: 10    XL:     11   Next: 69%
Magic:  2/30       EV: 12    Int: 18    God:    Makhleb [*****.]
Gold:   537        SH:  0    Dex: 13    Spells: 5/23 levels left

rFire    . . .     SeeInvis .   l - +2 war axe (chop)
rCold    . . .     Gourm    .   (no shield)
rNeg     . . .     Faith    .   O - +0 troll leather armour
rPois    +         Spirit   .   (no helmet)
rElec    .         Reflect  .   A - scarf {cloud immunity}
rCorr    .         Harm     .   a - +0 pair of gloves
MR       .....                  (no boots)
Stlth    ++........             (no amulet)
HPRegen  0.62/turn              c - ring of poison resistance
MPRegen  0.22/turn              x - ring of magical power

@: lethally poisoned (-1 -> -2), slowed, very slow
A: +LOS, swims, slowness 1, strong legs 1
a: Hop, Minor Destruction, Lesser Servant of Makhleb, Major Destruction, Greater
Servant of Makhleb, Renounce Religion


You were on level 11 of the Dungeon.
You worshipped Makhleb.
Makhleb was extremely pleased with you.
You were very hungry.

You visited 1 branch of the dungeon, and saw 12 of its levels.
You also visited: Ossuary.

You collected 537 gold pieces.

Inventory:

Hand Weapons
 f - a +2 vampiric dagger
 h - a cursed -1 battleaxe
 j - a -1 long sword
 l - a +2 war axe of chopping (weapon)
 s - a +0 battleaxe
 N - the +5 hunting sling "Fikko" {flame, +Inv rElec rF- MR++}
   (You found it on level 9 of the Dungeon)

   It causes projectiles fired from it to burn those they strike, causing extra
   injury to most foes and up to half again as much damage against particularly
   susceptible opponents.
   It makes you vulnerable to fire.
   It insulates you from electricity.
   It affects your resistance to hostile enchantments.
   It lets you turn invisible.
Missiles
 n - a throwing net
 y - 24 stones (quivered)
 z - 10 javelins
Armour
 a - a +0 pair of gloves (worn)
 q - the +1 ring mail of Sofim {rF- MP+9 Int+3}
   (You found it on level 4 of the Dungeon)

   It affects your intelligence (+3).
   It makes you vulnerable to fire.
   It affects your magic capacity (+9).
 A - a scarf of cloud immunity (worn)
 O - a +0 troll leather armour (worn)
Jewellery
 c - a ring of poison resistance (left hand)
 m - an uncursed ring of resist corrosion
 x - a ring of magical power (right hand)
 M - an uncursed ring of positive energy
Wands
 k - a wand of polymorph (6)
 J - a wand of paralysis (7)
Scrolls
 g - 4 scrolls of immolation
 o - 3 scrolls of fog
 p - 4 scrolls of remove curse
 v - a scroll of fear
 w - a scroll of holy word {unknown}
 H - 3 scrolls of amnesia
 L - 2 scrolls of magic mapping
Potions
 b - 2 potions of cancellation
 r - a potion of magic
 u - a potion of agility {unknown}
 B - a potion of haste {unknown}
 C - 3 potions of ambrosia
 D - 3 potions of might {unknown}
Books
 e - a book of Geomancy

   Spells                             Type                      Level
   a - Sandblast                      Earth                        1
   b - Passwall                       Transmutation/Earth          2
   c - Stone Arrow                    Conjuration/Earth            3
   d - Petrify                        Transmutation/Earth          4
   e - Lee's Rapid Deconstruction     Earth                        5
 i - a book of Burglary

   Spells                             Type                      Level
   a - Swiftness                      Charms/Air                   2
   b - Passwall                       Transmutation/Earth          2
   c - Passage of Golubria            Translocation                4
   d - Lee's Rapid Deconstruction     Earth                        5
   e - Darkness                       Hexes                        6
   f - Invisibility                   Hexes                        6
 t - a book of Cantrips

   Spells                             Type                      Level
   a - Confusing Touch                Hexes                        1
   b - Animate Skeleton               Necromancy                   1
   c - Summon Small Mammal            Summoning                    1
   d - Apportation                    Translocation                1
 K - a book of Necromancy

   Spells                             Type                      Level
   a - Pain                           Necromancy                   1
   b - Animate Skeleton               Necromancy                   1
   c - Vampiric Draining              Necromancy                   3
   d - Regeneration                   Charms/Necromancy            3
   e - Animate Dead                   Necromancy                   4
   f - Borgnjor's Vile Clutch         Necromancy/Earth             5
Comestibles
 d - 16 rations


   Skills:
 - Level 3.5 Fighting
 + Level 12.1 Axes
 - Level 2.1 Dodging
 - Level 1.7 Stealth
 - Level 6.8 Spellcasting
 - Level 4.4 Necromancy
 - Level 2.9 Translocations
 - Level 1.1 Transmutations
 - Level 9.6 Earth Magic
 - Level 3.8 Invocations
 - Level 4.0 Evocations


You had 5 spell levels left.
You knew the following spells:

 Your Spells              Type           Power        Failure   Level  Hunger
a - Sandblast             Erth           #####.       1%          1    None
b - Stone Arrow           Conj/Erth      ###...       6%          3    ##.....
c - Petrify               Tmut/Erth      ####....     16%         4    ####...
d - Lee's Rapid Deconstr  Erth           #####.....   8%          5    #####..
e - Animate Skeleton      Necr           N/A          2%          1    None
f - Regeneration          Chrm/Necr      ##........   19%         3    ##.....
g - Apportation           Tloc           ###...       4%          1    None


Dungeon Overview and Level Annotations

Branches:
Dungeon (12/15)            Temple (0/1) D:6
   Lair: D:8-11         Orc: D:9-12

Altars:
Hepliaklqana
Makhleb
Okawaru
Trog
Wu Jian
Xom
The Shining One


Innate Abilities, Weirdness & Mutations

Shadows flee at your approach. (+LOS)
You can swim through water.
You cover ground slowly.
You can hop short distances.


Message History

You are poisoned.
You feel yourself slow down.
You barely miss the hornet.
The hornet is heavily wounded.
You feel sick. The hornet stings you.
You feel as though you will be slow longer.
The hornet stings you.
Your troll leather armour prevents you from hitting the hornet.
The hornet is heavily wounded.
You feel sick. The hornet barely misses you. x2
You closely miss the hornet.
The hornet is heavily wounded.
You feel sick. The hornet stings you!
* * * LOW HITPOINT WARNING * * *
The hornet barely misses you.
A demon appears!
You feel sick. The hornet stings you!
* * * LOW HITPOINT WARNING * * *
You feel as though you will be slow longer.
The hornet stings you.
You die...

#.....# ##.# .. #......>.#
#.....###..##.........$..#
#..........#.. ###....$.<#
.....##...(.#####)......#
#...##.#..............##
##..##..#$.............#
#.......##.............#
#.###.#......y.3....?#.#
#.##..#...#...@..!..##.#
###.#..##.............#
......#...............#
.....#........###.##....#
..............###.......#
...#....##....#....#....#
.......#>.......##.#.# ##
.........#......##.#.#
.........#..##.......##.


You could see a hornet and a friendly smoke demon.

Vanquished Creatures
  A two-headed ogre (D:11)
  Urug (D:12)
  2 ugly things (D:12)
  A gargoyle (D:11)
  2 trolls
  The ghost of Csanatus the Conjurer, an amateur DrCj (D:4)
  A slime creature (D:12)
  3 hippogriffs
  2 wraiths (D:12)
  4 hogs (D:9)
  A human (D:9)
  A hungry ghost (D:12)
  A water moccasin (D:12)
  3 sky beasts
  An orc warrior (D:12)
  A swamp drake (D:7)
  3 ice beasts
  2 necrophages
  A black bear (D:6)
  A phantom (D:6)
  6 ogres
  2 centaurs
  An elf zombie (Ossuary)
  11 bullfrogs
  A wyvern zombie (D:9)
  2 gnoll sergeants (D:9)
  4 scorpions
  3 killer bees
  8 wights
  A howler monkey (D:12)
  2 jellies
  3 crimson imps
  5 centaur zombies
  2 bullfrog zombies
  11 hounds
  3 orc priests
  A human zombie (Ossuary)
  5 orc wizards
  2 iguanas (D:4)
  5 worker ants
  A big kobold zombie (Ossuary)
  A hound zombie (D:8)
  A hound skeleton (D:10)
  2 mummies (Ossuary)
  A howler monkey zombie (D:7)
  13 gnolls
  4 howler monkey skeletons
  10 adders
  A shadow imp (D:11)
  An ooze (D:7)
  2 adder zombies (Ossuary)
  An adder skeleton (D:8)
  A worm (D:2)
  4 dart slugs
  A leopard gecko (D:5)
  21 orcs
  6 bats
  6 goblins
  4 hobgoblins
  8 jackals
  5 quokkas
  2 ball pythons (D:4)
  5 frilled lizards
  2 goblin zombies (Ossuary)
  9 hobgoblin zombies (Ossuary)
  A jackal zombie (Ossuary)
  4 kobolds
  12 kobold zombies (Ossuary)
  A leopard gecko skeleton (D:6)
  5 orc zombies (Ossuary)
  A quokka skeleton (D:6)
  A rat (D:2)
  2 rat zombies (Ossuary)
250 creatures vanquished.

Vanquished Creatures (collateral kills)
  A death knight (D:11)
1 creature vanquished.

Grand Total: 251 creatures vanquished

Notes
Turn   | Place    | Note
-------+----------+-------------------------------------------
     0 | D:1      | Lavandula the Barachi Earth Elementalist began the quest for the Orb.
     0 | D:1      | Reached XP level 1. HP: 13/13 MP: 3/3
    73 | D:1      | Reached XP level 2. HP: 19/19 MP: 2/5
   330 | D:3      | Reached XP level 3. HP: 24/24 MP: 1/8
   335 | D:3      | Learned a level 3 spell: Stone Arrow
   474 | D:3      | Reached XP level 4. HP: 26/30 MP: 3/9
   480 | D:3      | Learned a level 4 spell: Petrify
   527 | D:3      | Found an ornate altar of the Wu Jian Council.
   528 | D:3      | Found a hazy altar of Hepliaklqana.
   528 | D:3      | Found a bloodstained altar of Trog.
   536 | D:3      | Reached XP level 5. HP: 27/35 MP: 5/10
   537 | D:3      | Found a shimmering altar of Xom.
   537 | D:3      | Found a glowing golden altar of the Shining One.
   634 | D:4      | Noticed an ogre
   638 | D:4      | Killed an ogre
   638 | D:4      | Reached skill level 2 in Axes
   653 | D:4      | Reached skill level 3 in Axes
   653 | D:4      | Reached XP level 6. HP: 37/41 MP: 7/11
   665 | D:4      | Reached skill level 4 in Axes
   684 | D:4      | Found a burning altar of Makhleb.
   707 | D:4      | Became a worshipper of Makhleb the Destroyer
   788 | D:4      | Got a polished ring mail
   799 | D:4      | Identified the cursed +1 ring mail of Sofim {rF- MP+9 Int+3} (You found it on level 4 of the Dungeon)
   806 | D:5      | Entered Level 5 of the Dungeon
   830 | D:5      | Learned a level 1 spell: Apportation
   832 | D:5      | Learned a level 1 spell: Animate Skeleton
   872 | D:5      | Reached skill level 5 in Axes
   874 | D:5      | Reached XP level 7. HP: 26/46 MP: 12/12
   881 | D:5      | Reached skill level 6 in Axes
  1157 | D:5      | Reached skill level 7 in Axes
  1232 | D:4      | Noticed Csanatus's ghost (amateur DrCj)
  1236 | D:4      | Reached * piety under Makhleb
  1255 | D:4      | Killed Csanatus's ghost
  1255 | D:4      | Reached skill level 8 in Axes
  1255 | D:4      | Reached XP level 8. HP: 25/52 MP: 13/13
  1317 | D:4      | Reached skill level 9 in Axes
  1488 | D:6      | Reached skill level 5 in Spellcasting
  1659 | D:6      | Reached XP level 9. HP: 20/57 MP: 18/18
  1666 | D:6      | Learned a level 5 spell: Lee's Rapid Deconstruction
  1928 | D:6      | Found a staircase to the Ecumenical Temple.
  1932 | D:6      | Reached ** piety under Makhleb
  1932 | D:6      | Reached skill level 10 in Axes
  2030 | D:6      | Found an iron altar of Okawaru.
  2293 | D:7      | Found a sand-covered staircase.
  2300 | Ossuary  | Entered an ossuary
  2396 | Ossuary  | Reached *** piety under Makhleb
  2398 | Ossuary  | Reached skill level 5 in Earth Magic
  2808 | D:8      | Learned a level 3 spell: Regeneration
  2892 | D:9      | Got a crystal hunting sling
  2908 | D:9      | Identified the +5 hunting sling "Fikko" {flame, +Inv rElec rF- MR++} (You found it on level 9 of the Dungeon)
  2918 | D:9      | Reached XP level 10. HP: 60/61 MP: 20/20
  2933 | D:9      | Reached **** piety under Makhleb
  3277 | D:9      | Reached skill level 1 in Translocations
  3336 | D:10     | Entered Level 10 of the Dungeon
  3498 | D:11     | Noticed a death knight
  3531 | D:11     | Killed a death knight
  3551 | D:11     | Noticed a two-headed ogre
  3659 | D:12     | Reached skill level 1 in Necromancy
  3753 | D:12     | Noticed Urug
  3765 | D:12     | Reached XP level 11. HP: 32/73 MP: 19/21
  3788 | D:12     | Killed Urug
  3816 | D:12     | Noticed a green ugly thing
  3836 | D:12     | Killed a green ugly thing
  3916 | D:12     | Noticed a white ugly thing
  3934 | D:12     | Killed a white ugly thing
  3934 | D:12     | Reached skill level 11 in Axes
  4011 | D:12     | Reached ***** piety under Makhleb
  4028 | D:12     | Noticed a cyclops
  4030 | D:12     | Noticed a cyclops
  4030 | D:12     | Noticed a deep elf mage
  4158 | D:11     | Killed a two-headed ogre
  4311 | D:11     | Reached skill level 12 in Axes
  4326 | D:11     | HP: 3/75 [hornet (8)]
  4326 | D:11     | Slain by a hornet

Skill      XL: |  1  2  3  4  5  6  7  8  9 10 11 |
---------------+----------------------------------+-----
Spellcasting   | 3 6 |  6.8
Earth Magic    | 4 7 9 |  9.6
Axes           | 3 5 8 9 10 12 | 12.1
Translocations | 2 |  2.9
Fighting       | 3 |  3.5
Invocations    | 3 |  3.8
Necromancy     | 3 4 |  4.4
Evocations     | 4 |  4.0
Dodging        | |  2.1
Stealth        | |  1.7
Transmutations | |  1.1

Action                   |  1- 3 |  4- 6 |  7- 9 | 10-12 || total
-------------------------+-------+-------+-------+-------++-------
Melee: Unarmed           |    34 |       |       |       ||    34
       Dagger            |    32 |    21 |       |       ||    53
       War axe           |       |    30 |   237 |   232 ||   499
 Cast: Sandblast         |    26 |    13 |    95 |    17 ||   151
       Stone Arrow       |       |     1 |    20 |    26 ||    47
       Lee's Rapid Decon |       |       |     1 |    25 ||    26
       Petrify           |       |       |       |    14 ||    14
       Regeneration      |       |       |       |     5 ||     5
Invok: Lesser Servant of |       |       |       |     4 ||     4
 Abil: Hop               |       |       |     4 |     8 ||    12
Evoke: Wand              |       |       |     1 |     9 ||    10
  Use: Scroll            |       |     3 |     4 |    12 ||    19
       Potion            |       |       |     5 |     3 ||     8
 Stab: Sleeping          |     4 |     3 |     1 |       ||     8
       Confused          |       |       |     1 |       ||     1
       Petrified         |       |       |       |    32 ||    32
       Paralysed         |       |       |       |    11 ||    11
  Eat: Ration            |     1 |       |       |     2 ||     3
       Chunk             |       |     1 |     8 |    10 ||    19
Armor: Robe              |    22 |    14 |       |       ||    36
       Ring mail         |       |    11 |   102 |    12 ||   125
       Troll leather arm |       |       |       |    34 ||    34
Dodge: Dodged            |    55 |    39 |   128 |   114 ||   336
